 Dungeon Crawl Stone Soup version 0.30-a0-824-g6c64550be9 (webtiles) character file.

Game seed: 16197790932705341434

94 Pimp the Shooter (level 4, -9/40 HPs)
             Began as a Naga Hunter on Feb 27, 2023.
             Mangled by an ogre
             ... wielding a +0 giant club
              (23 damage)
             ... on level 3 of the Dungeon.
             The game lasted 00:06:22 (1891 turns).

Pimp the Shooter (Naga Hunter)                      Turns: 1891, Time: 00:06:22

Health: -9/40      AC:  6    Str: 13    XL:     4   Next: 63%
Magic:  4/4        EV:  7    Int:  9    God:
Gold:   161        SH:  0    Dex: 17    Spells: 3/3 levels left

rFire   . . .      SeeInvis +    k - +3 dagger
rCold   . . .      Faith    .    (no shield)
rNeg    . . .      Spirit   .    e - +0 scale mail
rPois   +          Reflect  .    n - +0 helmet
rElec   .          Harm     .    m - +0 cloak
rCorr   .          Rampage  .    (no gloves)
Will    .....                    (no barding)
Stlth   +                        (no amulet)
HPRegen 0.26/turn                (no ring)
MPRegen 0.09/turn                (no ring)

@: very slow
A: AC +1, large, see invisible, deformed body, poison resistance, slowness 2,
spit poison 1, naga tail 1
a: Spit Poison


You were on level 3 of the Dungeon.
You visited 1 branch of the dungeon, and saw 3 of its levels.

You collected 161 gold pieces.

Inventory:

Hand Weapons
 a - a +0 shortbow
 k - a +3 dagger (weapon)
Missiles
 h - a throwing net
Armour
 c - a +0 leather armour
 e - a +0 scale mail (worn)
 m - a +0 cloak (worn)
 n - a +0 helmet (worn)
Jewellery
 d - a ring of positive energy
Scrolls
 b - a scroll of immolation
 g - a scroll of amnesia {unknown}
 j - a scroll of fear {unknown}
 l - a scroll of enchant armour {unknown}
 o - a scroll of noise {unknown}


   Skills:
 + Level 2.6 Fighting
 + Level 1.0 Short Blades
 + Level 4.0 Ranged Weapons
 + Level 0.6 Armour
 + Level 2.2 Dodging
 + Level 3.3 Stealth


You had 3 spell levels left.
You didn't know any spells.
Your spell library contained the following spells:

 Spells                   Type           Power      Damage    Failure   Level
 Necrotise                Necr           0%         1d4       89%         1
 Summon Mana Viper        Hex/Summ       0%         N/A       100%        5
 Monstrous Menagerie      Summ           0%         N/A       100%        7
 Summon Hydra             Summ           0%         N/A       100%        7


Dungeon Overview and Level Annotations

Branches:
Dungeon (3/15)

Altars:


Innate Abilities, Weirdness & Mutations

Your serpentine skin is tough. (AC +1)
You have supernaturally acute eyesight. (SInv)
Armour fits poorly on your strangely shaped body.
Your system is resistant to poisons. (rPois)
You cover ground very slowly.
You can spit poison.
You have a snake-like lower body.


Message History

Fire: a) +0 shortbow
Press: ? - help, Shift-Dir - straight line, f/p - ogre
Aim: an ogre, wielding a +0 giant club (77% to hit)
You shoot an arrow. The arrow barely misses the ogre.
The ogre hits you but does no damage. The ogre hits you with a +0 giant club!
The ogre attacks as you move away! The ogre closely misses you.
Unknown command.
As you read the scroll labelled COITTU HICEHA, it crumbles to dust.
The scroll dissolves into smoke.
It was a scroll of fog.
The ogre barely misses you.
Fire: a) +0 shortbow
Press: ? - help, Shift-Dir - straight line, f/p - ogre
Aim: an ogre, wielding a +0 giant club (black smoke, 77% to hit)
You shoot an arrow. The arrow hits the ogre.
The ogre is lightly wounded.
The ogre barely misses you.
k - a +3 dagger (weapon)
You hit the ogre.
The ogre is moderately wounded.
The ogre closely misses you.
You hit the ogre.
The ogre is heavily wounded.
The ogre closely misses you.
You hit the ogre.
The ogre is heavily wounded.
You hit the ogre. You punch the ogre.
The ogre is almost dead.
The ogre hits you with a +0 giant club!
You hit the ogre.
The ogre is almost dead.
The ogre hits you with a +0 giant club!
* * * LOW HITPOINT WARNING * * *
Okay, then.
You feel better.
You hit the ogre.
The ogre is almost dead.
The ogre hits you with a +0 giant club!!
Ouch! That really hurt!
You die...

.............###.......
##.######.##.##........
#.# #.##.##........ #<#
###.##.##.....#.# #.#
#...##.##........ #.#
#.#.....†....##.# #.#
#...##.##§#####.# #.#
##..##.##§#####.#
##.#####..##.##§@Ooo§.#
..........##.########o#
##...........#
#..o.o... #######..####
..######. #..# ####
....) ####.. .#. .


You could see an ogre and an orc.

Vanquished Creatures
  3 adders
  An ufetubus (D:3)
  2 ball pythons (D:1)
  6 endoplasms
  6 giant cockroaches
  5 goblins
  4 hobgoblins
  4 jackals (D:2)
  6 kobolds
  5 quokkas
  9 bats
  5 frilled lizards
  2 rats (D:1)
58 creatures vanquished.

Notes
Turn   | Place    | Note
-------+----------+-------------------------------------------
     0 | D:1      | Pimp the Naga Hunter began the quest for the Orb.
     0 | D:1      | Reached XP level 1. HP: 19/19 MP: 1/1
    60 | D:1      | Reached XP level 2. HP: 17/26 MP: 2/2
   441 | D:1      | Got the Meditations on Amassed Abhorrent Arts
   449 | D:1      | Reached XP level 3. HP: 33/33 MP: 3/3
  1097 | D:2      | Reached skill level 4 in Ranged Weapons
  1097 | D:2      | Reached XP level 4. HP: 22/40 MP: 4/4
  1308 | D:2      | Found a faded altar of an unknown god.
  1865 | D:3      | Reached skill level 1 in Short Blades
  1874 | D:3      | Noticed an ogre
  1891 | D:3      | Mangled by an ogre

Illustrated notes

Levels and vault maps discovered:
D:1:      lemuel_arrival_muddy, layout_rooms
D:2:      layout_basic, nicolae_ecumenical_lake_church, kennysheep_boxes
D:3:      layout_loops_ring, gammafunk_ghost_grave

Skill      XL: |  1  2  3  4 |
---------------+-------------+-----
Stealth        | 2 3 |  3.3
Dodging        | 2 |  2.2
Ranged Weapons | 4 |  4.0
Short Blades   | 1 |  1.0
Fighting       | |  2.6
Armour         | |  0.6

Action                     |  1- 3 |  4- 6 || total
---------------------------+-------+-------++-------
  Melee: Dagger            |     1 |    12 ||    13
         Punch             |       |     1 ||     1
   Fire: Shortbow          |   118 |    25 ||   143
Ability: Spit Poison       |     1 |       ||     1
    Use: Potion            |     2 |     1 ||     3
         Scroll            |     1 |     1 ||     2
   Stab: Sleeping          |       |     1 ||     1
 Armour: Leather armour    |     4 |       ||     4
         Scale mail        |    54 |    12 ||    66
  Dodge: Dodged            |    46 |    12 ||    58

Table legend: (Time is in decaauts)
 A = Elapsed time spent in this place.
 B = Non-inter-level travel time spent in this place.
 C = Inter-level travel time spent in this place.
 D = Time resting spent in this place.
 E = Time spent auto-exploring this place.
 F = Levels seen in this place.
 G = Mean time per level.
                   A        B        C        D        E       F      G
               +--------+--------+--------+--------+--------+-----+--------+
         Total |   2448 |   2342 |    106 |    390 |   1425 |   3 |  816.0 |
       Dungeon |   2448 |   2342 |    106 |    390 |   1425 |   3 |  816.0 |
               +--------+--------+--------+--------+--------+-----+--------+

Top non-repeatable levels by time:
     D:2: 1170 daAuts
     D:1: 982 daAuts
     D:3: 295 daAuts
